Unix NetHack Version 5.0.0-0 post-release - last build May 10 2026 23:12:36 (d1fa5d53e341ca933230fdaa984d921c805b60aa,branch:main).

Game began 2026-05-11 16:33:59, ended 2026-05-11 17:11:03.

DaveT, lawful male human Priest

           -----------
           |.........|
           |.........|
           |.........-#
           |.........|#
           |.........|#
           -----|-+---#
               ###    a
                #     a
                #     @
               ##     #
               #      ##
        ########      #------
   -----.----------   #.....|
   |.....<........|  ##|....|
   |..............|   #-..^<.
   |...............####------
   ----------------

DaveT the Adept              St:17 Dx:11 Co:16 In:8 Wi:17 Ch:8  Lawful
Dlvl:6  $:0  HP:0(59) Pw:106(106) AC:4  Xp:7 T:5173 

Latest messages:
 The door opens.
 That door is closed.
 The door opens.
 The fire ant bites!
 The fire ant bites again!
 You avoid harm.
 You hit the fire ant!
 The fire ant bites!
 The fire ant bites again!
 You avoid harm.
 You miss the fire ant.
 The fire ant bites!
 The fire ant bites again!
 You avoid harm.
 The fire ant bites!
 The fire ant bites again!
 You're on fire!
 You hit the fire ant!
 The fire ant bites!
 The fire ant bites again!
 You're on fire!
 It is hit.
 It is missed.
 The runed arrow hits the fire ant.
 It is missed.
 The runed arrow misses the fire ant.
 You catch the runed arrow! K - a cursed runed arrow.
 The fire ant bites!
 The fire ant bites again!
 You avoid harm.
 You miss the fire ant.
 The fire ant bites!
 The fire ant bites again!
 You avoid harm.
 It is missed.
 The runed arrow hits the fire ant.
 It is missed.
 The runed arrow misses the fire ant.
 You are hit by a runed arrow!
 You miss the fire ant.
 The fire ant bites!
 The fire ant bites again!
 You're on fire!
 Your lamp catches light!
 The runed arrow hits the fire ant!
 The runed arrow hits the fire ant.
 The fire ant bites!
 You die...
 Do you want your possessions identified? [ynq] (y) y
 Do you want to see your attributes? [ynq] (y) q

Inventory:
 Amulets  ('"')
  X - an amulet of magical breathing (being worn)
 Weapons  (')')
  K - a cursed +0 elven arrow
  l - 12 +0 darts
  i - a +0 dagger
  w - a blessed +1 aklys
  a - a blessed +3 mace (weapon in right hand)
 Armor    ('[')
  v - a +0 orcish helm (being worn)
  c - a +0 small shield (being worn)
  J - a +0 mummy wrapping
  b - a +0 robe (being worn)
  z - a +0 leather armor (being worn)
 Comestibles  ('%')
  A - a cram ration
  f - a sprig of wolfsbane
  S - a lichen corpse
 Scrolls  ('?')
  H - a cursed scroll of food detection
 Rings    ('=')
  t - a ring of stealth
 Wands    ('/')
  g - a wand of magic missile (0:6)
  p - a wand of slow monster (0:2)
 Tools    ('(')
  W - a sack containing 21 items
  F - a blindfold
  G - a lock pick
  I - a cursed oil lamp (lit)
  n - a +0 pick-axe
  k - a skeleton key

Contents of the sack:
  46 gold pieces
  7 blessed +3 darts
  10 blessed +2 darts
  5 +2 daggers
  3 cloves of garlic
  a pear
  7 scrolls of blank paper
  a scroll of earth
  a spellbook of healing
  a potion of blindness
  a potion of healing
  a potion of levitation
  a potion of paralysis
  a potion of sleeping
  a potion of speed
  a potion of holy water
  a cursed ring of hunger
  a bell
  a garnet stone
  2 worthless pieces of green glass
  4 worthless pieces of yellowish brown glass

DaveT the Priest's attributes:

Background:
 You were an Adept, a level 7 human Priest.
 You were lawful, on a mission for Ptah
 who was opposed by Thoth (neutral) and Anhur (chaotic).
 You were right-handed.
 You were in the Dungeons of Doom, on level 6.
 You entered the dungeon 5173 turns ago.
 You had 1184 experience points, 96 more were needed to attain level 8.

Basics:
 You had 0 out of 59 hit points.
 You had all 106 energy points (spell power).
 Your armor class was 4.
 Your wallet was empty, but
 you had 46 zorkmids stashed away in your pack.
 Autopickup was off.

Final Characteristics:
 Your strength was 17 (limit:18/100).
 Your dexterity was 11 (limit:18).
 Your constitution was 16 (limit:18).
 Your intelligence was 8 (limit:18).
 Your wisdom was 17 (peak:18, limit:18).
 Your charisma was 8 (limit:18).

Final Status:
 You weren't hungry.
 You were unencumbered.
 You were wielding a mace.
 You had basic skill with mace and could have enhanced that.

Final Attributes:
 You were piously aligned.
 You could survive without air.
 You were guarded.
 Your spell casting was enhanced by wearing a robe.
 You are dead.

Miscellaneous:
 You didn't encounter any bones levels.
 Total elapsed playing time was 37 minutes and 4 seconds.

Major events:
 Turn
    1: DaveT the lawful human Priest entered the dungeon
  721: attained the rank of Acolyte (level 3)
 1366: entered the Gnomish Mines
 2230: attained the rank of Adept (level 6)
 3642: reached Mine Town
 5107: entered Sokoban
 5173: killed by a fire ant

Spells:
 Name                 Level Category     Fail Retention
 light                  1   clerical       0%   71%-80%
 healing                1   healing        0%   51%-75%

Skills:
 Fighting Skills
   bare handed combat [Unskilled]
 Weapon Skills
   club               [Unskilled]
   mace               [Basic]
   morning star       [Unskilled]
   flail              [Unskilled]
   hammer             [Unskilled]
   quarterstaff       [Unskilled]
   polearms           [Unskilled]
   spear              [Unskilled]
   trident            [Unskilled]
   lance              [Unskilled]
   bow                [Unskilled]
   sling              [Unskilled]
   crossbow           [Unskilled]
   dart               [Unskilled]
   shuriken           [Unskilled]
   boomerang          [Unskilled]
   unicorn horn       [Unskilled]
 Spellcasting Skills
   healing spells     [Unskilled]
   divination spells  [Unskilled]
   clerical spells    [Basic]

Voluntary challenges:
 Character rerolling was not enabled.
 You never genocided any monsters.
 You never polymorphed an object.
 You never changed form.
 You used no wishes.
 You did not violate any of the special Sokoban rules.
Achievements:
 You entered a shop.
 You attained the rank of Acolyte.
 You entered the Gnomish Mines.
 You attained the rank of Adept.
 You entered Minetown.
 You entered a temple.
 You entered Sokoban.

 The Dungeons of Doom: levels 1 to 6
    Level 1:
       A fountain.
    Level 2:
       A general store.
    Level 3: "vault door in SE"
       A fountain, a grave.
    Level 4: "vault door in E"
       A scroll shop.
       Stairs down to The Gnomish Mines.
    Level 5:
       Many fountains.
       Oracle of Delphi.
    Level 6: <- You were here.
       Stairs up to Sokoban, level 5.
       Final resting place for
          you, killed by a fire ant.
 The Gnomish Mines: levels 5 to 8
    Level 5:
    Level 6:
    Level 7:
       Some shops, a temple and an altar, some fountains, a sink.
    Level 8:
 Sokoban:
    Level 5:
       Unsolved.


Vanquished creatures:
  a leather golem
  2 gnome rulers
  2 yetis
  a raven
  a plains centaur
  a gnome mummy
  4 human zombies
  a bugbear
  a rock piercer
  a rock mole
  2 ponies
  a fog cloud
  a yellow light
  a shrieker
  6 gnome leaders
  2 gnomish wizards
  7 elf zombies
  a ghoul
  2 paper golems
  a giant ant
  2 little dogs
  2 kittens
  a dwarf
  a rabid rat
  a giant bat
  5 monkeys
  4 orc zombies
  9 dwarf zombies
  3 iguanas
  2 acid blobs
  4 coyotes
  a gas spore
 11 manes
  3 large kobolds
  4 giant rats
  4 cave spiders
  2 yellow molds
  a red mold
 24 gnomes
  3 garter snakes
  6 gnome zombies
  a gecko
  8 jackals
  4 foxes
  2 kobolds
  a goblin
  6 grid bugs
  6 lichens
  8 kobold zombies
  8 newts
176 creatures vanquished.

No species were genocided or became extinct.

Game over:
                       ----------
                      /          \
                     /    REST    \
                    /      IN      \
                   /     PEACE      \
                  /                  \
                  |      DaveT       |
                  |      46 Au       |
                  | killed by a fire |
                  |       ant        |
                  |                  |
                  |                  |
                  |       2026       |
                 *|     *  *  *      | *
        _________)/\\_//(\/(/\)/\//\/|_)_______

Goodbye DaveT the Priest...

You died in The Dungeons of Doom on dungeon level 6 with 5158 points,
and 46 pieces of gold, after 5173 moves.
You were level 7 with a maximum of 59 hit points when you died.

